 Dungeon Crawl Stone Soup version 0.29-a0-23-ga79f92ac9c (webtiles) character file.

Game seed: 15975170881434047745

634 Ajdolov the Sneak (level 7, 0/41 HPs)
             Began as an Octopode Venom Mage on Jan 30, 2022.
             Slain by Duvessa (21 damage)
             ... on level 5 of the Dungeon.
             The game lasted 00:14:19 (5933 turns).

Ajdolov the Sneak (Octopode Venom Mage)             Turns: 5933, Time: 00:14:20

Health: 0/41       AC:  1    Str:  8    XL:     7   Next: 49%
Magic:  9/13       EV: 13    Int: 19    God:
Gold:   267        SH:  0    Dex: 12    Spells: 4/14 levels left

rFire   . . .      SeeInvis .   a - +0 short sword (speed)
rCold   + . .      Faith    .   (no shield)
rNeg    . . .      Spirit   .   (helmet restricted)
rPois   .          Reflect  .   (no amulet)
rElec   .          Harm     .   (no ring)
rCorr   .          Rampage  .   (no ring)
Will    .....                   (no ring)
Stlth   ++++......              (no ring)
HPRegen 0.13/turn               (no ring)
MPRegen 0.13/turn               (no ring)
                                (no ring)
                                (no ring)

@: no status effects
A: almost no armour, amphibious, 8 rings, camouflage 1, gelatinous body 1,
(nimble swimmer 1), tentacles, cold resistance 1, MP-powered wands, noise
suppression
a: no special abilities


You were on level 5 of the Dungeon.
You visited 1 branch of the dungeon, and saw 5 of its levels.

You collected 267 gold pieces.

Inventory:

Hand Weapons
 a - a +0 short sword of speed (weapon)
Armour
 j - a +0 kite shield
Magical Staves
 f - a staff of cold
Scrolls
 c - 4 scrolls of identify {unknown}
 d - a scroll of teleportation {unknown}
 e - a scroll of summoning {unknown}
 h - a scroll of torment {unknown}
 m - 2 scrolls of vulnerability {unknown}
 n - a scroll of enchant weapon {unknown}
Potions
 i - a potion of heal wounds
 k - a potion of invisibility {unknown}
 l - a potion of magic {unknown}


   Skills:
 - Level 2.0 Dodging
 - Level 4.4 Stealth
 + Level 4.3 Spellcasting
 + Level 3.7 Conjurations
 - Level 1.5 Transmutations
 + Level 3.8 Air Magic
 - Level 4.0 Poison Magic


You had 4 spell levels left.
You knew the following spells:

 Your Spells              Type           Power      Damage    Failure   Level
a - Sting                 Tmut/Pois      56%        1d5       4%          1
b - Poisonous Vapours     Pois/Air       38%        N/A       4%          2
c - Mephitic Cloud        Conj/Pois/Air  18%        N/A       9%          3
d - Olgreb's Toxic Radia  Pois           19%        N/A       26%         4

Your spell library contained the following spells:

 Spells                   Type           Power      Damage    Failure   Level
 Wereblood                Tmut           10%        N/A       11%         2
 Sublimation of Blood     Necr           4%         N/A       21%         2
 Summon Hydra             Summ           2%         N/A       100%        7


Dungeon Overview and Level Annotations

Branches:
Dungeon (5/15)
 Temple: D:4-7

Altars:
Ru

Shops:
D:4 [   D:5 (

Annotations:
D:5 Duvessa


Innate Abilities, Weirdness & Mutations

You cannot wear most types of armour.
You are amphibious.
You can wear up to eight rings at the same time.
Your skin changes colour to match your surroundings (Stealth+).
Your rubbery body absorbs attacks. (AC +1, EV +1)
((You are camouflaged when in or above water. (Stealth+)))
You have tentacles for arms and can constrict up to eight enemies at once.
Your flesh is cold resistant. (rC+)
You expend magic power (3 MP) to strengthen your wands.
You passively dampen the noise of your surroundings.


Message History

Aim: Dowan, wielding a +0 dagger and wearing a +0 robe (moderately wounded, fast, very poisoned) Poisonous vapours surround Dowan!
Dowan looks as sick as possible!
Dowan barely misses you.
You hit Dowan. Your grab misses Dowan.
Dowan is almost dead.
Dowan hits you with a +0 dagger.
You barely miss Dowan. You grab Dowan.
Dowan is almost dead.
You constrict Dowan.
Dowan points at you and mumbles some strange words.
The puff of frost hits you. You resist.
You hit Dowan.
You kill Dowan!
You hear a distant scream of rage.
You start resting.
Magic restored.
You now have 267 gold pieces (gained 7).
Things that are here:
a +0 dagger; a +0 robe; the elf corpse of Dowan
Found a stone staircase leading down.
Casting: Poisonous Vapours (safe; 4% risk of failure)
Confirm with . or Enter, or press ? or * to list all spells.
Aiming: Poisonous Vapours (safe; 4% risk of failure)
Press: ? - help, Dir - move target, f - Duvessa
Aim: Duvessa, wielding a +1 short sword of holy wrath, wearing a +0 leather armour and quivering curare-tipped darts (wandering, hasn't noticed you) Poisonous vapours surround Duvessa!
Duvessa is poisoned.
Duvessa shouts!
Duvessa goes berserk!
Duvessa rages.
Casting: Poisonous Vapours (safe; 4% risk of failure)
Confirm with . or Enter, or press ? or * to list all spells.
Aiming: Poisonous Vapours (safe; 4% risk of failure)
Press: ? - help, Dir - move target, f/p - Duvessa
Aim: Duvessa, wielding a +1 short sword of holy wrath, wearing a +0 leather armour and quivering curare-tipped darts (lightly wounded, berserk, poisoned) Poisonous vapours surround Duvessa!
Duvessa looks even sicker.
Duvessa closely misses you.
Duvessa hits you with a +1 short sword of holy wrath!!
Duvessa hits you with a +1 short sword of holy wrath!!
Ouch! That really hurt!
You die...

........# ##..#.###
>...... ........ .....
#....## ... .....# #.#
#...# #.##### #..#
##.....## ..##.# #...
##...e<..## #.##.# ##..
#.....@...# #.##.# ##.
#.........# #.##.# #.
#.........# #.##.# #.
#.........# #.##.# #.
#.........###.##.#####.
#...................##.
#.........#####..##.)..
#.........# #..######
#.........# #..#


You could see Duvessa (berserk, very poisoned).

Vanquished Creatures
  An ogre (D:4)
  A water moccasin skeleton (D:5)
  Dowan (D:5)
  2 centaur zombies
  A hound (D:4)
  Natasha (twice) (D:3)
  An iguana (D:4)
  5 orc wizards
  6 adders
  2 ufetubi (D:4)
  6 worms
  6 dart slugs
  6 orcs
  6 endoplasms
  2 giant cockroaches (D:1)
  4 goblins
  7 hobgoblins
  2 quokkas
  4 ball pythons (D:1)
  3 bats (D:2)
  5 kobolds
  4 rats
77 creatures vanquished.

Vanquished Creatures (others)
  7 fungi (D:3)
  5 toadstools (D:3)
12 creatures vanquished.

Grand Total: 89 creatures vanquished

Notes
Turn   | Place    | Note
-------+----------+-------------------------------------------
     0 | D:1      | Ajdolov the Octopode Venom Mage began the quest for the
                  | Orb.
     0 | D:1      | Reached XP level 1. HP: 11/11 MP: 3/3
   611 | D:1      | Found a faded altar of an unknown god.
   658 | D:1      | Reached XP level 2. HP: 17/17 MP: 1/5
  1302 | D:1      | Reached XP level 3. HP: 17/21 MP: 4/6
  1537 | D:2      | Learned a level 2 spell: Poisonous Vapours
  1541 | D:2      | Learned a level 3 spell: Mephitic Cloud
  1597 | D:2      | Found a sacrificial altar of Ru.
  2144 | D:2      | Reached XP level 4. HP: 27/27 MP: 7/7
  2664 | D:3      | Reached skill level 1 in Air Magic
  2817 | D:3      | Noticed Natasha
  2821 | D:3      | Killed Natasha
  2822 | D:3      | Reached skill level 1 in Conjurations
  2875 | D:3      | Noticed Natasha
  2880 | D:3      | Killed Natasha
  2881 | D:3      | Reached XP level 5. HP: 23/31 MP: 2/9
  3180 | D:3      | Learned a level 4 spell: Olgreb's Toxic Radiance
  3604 | D:4      | Noticed an ogre
  3626 | D:4      | Killed an ogre
  3627 | D:4      | Reached XP level 6. HP: 36/36 MP: 3/11
  4259 | D:4      | Found Tiffewar's Antique Armour Shop.
  4674 | D:5      | Entered Level 5 of the Dungeon
  4674 | D:5      | Found Fozomp's Weapon Emporium.
  5038 | D:4      | Reached XP level 7. HP: 34/41 MP: 11/13
  5073 | D:4      | Gained mutation: You possess an exceptional clarity of
                  | mind. [potion of mutation]
  5073 | D:4      | Gained mutation: You are frail. (-10% HP) [potion of
                  | mutation]
  5073 | D:4      | Gained mutation: You are clumsy. (Dex -2) [potion of
                  | mutation]
  5073 | D:4      | Gained mutation: You passively dampen the noise of your
                  | surroundings. [potion of mutation]
  5325 | D:4      | Lost mutation: You are frail. (-10% HP) [potion of
                  | mutation]
  5325 | D:4      | Lost mutation: You possess an exceptional clarity of mind.
                  | [potion of mutation]
  5325 | D:4      | Lost mutation: You are clumsy. (Dex -2) [potion of
                  | mutation]
  5325 | D:4      | Gained mutation: Your flesh is cold resistant. (rC+)
                  | [potion of mutation]
  5325 | D:4      | Gained mutation: You expend magic power (3 MP) to
                  | strengthen your wands. [potion of mutation]
  5368 | D:5      | Noticed Duvessa
  5368 | D:5      | Noticed Dowan
  5857 | D:5      | Killed Dowan
  5933 | D:5      | Slain by Duvessa

Illustrated notes

Levels and vault maps discovered:
D:1:      minmay_arrival_four_houses, layout_basic,
          hellmonk_ecumenical_altar_arch_garden
D:2:      layout_loops_ring, basic_altar, minmay_misc_feat_nine_boxes,
          minivault_19
D:3:      minmay_recursive_quarters, layout_rooms, minivault_11,
          minmay_gold_behind_fungi, uniq_natasha
D:4:      layout_loops_ring, serial_shops, kennysheep_mini, minmay_statues_item
D:5:      layout_rooms, mainiacjoe_overflow_alcove_4, portal_sewer_entry_b,
          serial_shops, nicolae_shop_crystal, uniq_duvessa

Skill      XL: |  1  2  3  4  5  6 |
---------------+-------------------+-----
Stealth        | 3 4 |  4.4
Poison Magic   | 4 |  4.0
Air Magic      | 1 2 3 |  3.8
Conjurations   | 1 2 3 |  3.7
Spellcasting   | 3 4 |  4.3
Dodging        | |  2.0
Transmutations | |  1.5

Action                   |  1- 3 |  4- 6 |  7- 9 || total
-------------------------+-------+-------+-------++-------
Melee: Unarmed           |     6 |       |       ||     6
       Constrict         |    11 |    21 |     4 ||    36
       Short sword       |    31 |    92 |    34 ||   157
       Tentacles         |     6 |    30 |    10 ||    46
       Punch             |       |     1 |       ||     1
 Cast: Sting             |    29 |     6 |     1 ||    36
       Poisonous Vapours |     7 |    56 |    13 ||    76
       Mephitic Cloud    |       |     1 |       ||     1
  Use: Potion            |       |       |     5 ||     5
 Stab: Sleeping          |     4 |     6 |       ||    10
Armor: Skin              |     3 |     4 |     2 ||     9
Dodge: Dodged            |    15 |    49 |    21 ||    85

Table legend: (Time is in decaauts)
 A = Elapsed time spent in this place.
 B = Non-inter-level travel time spent in this place.
 C = Inter-level travel time spent in this place.
 D = Time resting spent in this place.
 E = Time spent auto-exploring this place.
 F = Levels seen in this place.
 G = Mean time per level.
                   A        B        C        D        E       F      G
               +--------+--------+--------+--------+--------+-----+--------+
         Total |   5895 |   5709 |    186 |   1600 |   3215 |   5 | 1179.0 |
       Dungeon |   5895 |   5709 |    186 |   1600 |   3215 |   5 | 1179.0 |
               +--------+--------+--------+--------+--------+-----+--------+

Top non-repeatable levels by time:
     D:4: 1993 daAuts
     D:1: 1417 daAuts
     D:2: 1123 daAuts
     D:3: 776 daAuts
     D:5: 584 daAuts
